Map: [ESL] Post-Youth

Players

Epic - Winner!

  • Race: Terran Terran
  • Spawn Location: 1:00

Nina

  • Race: Protoss Protoss
  • Spawn Location: 7:00

Event: ESL SC2 Masters 2024 Spring (Regional)

VOD

Have the link to the VOD?

Description

Time

  • Played on: April 20, 2024, 1:35 p.m.
  • Length: 13:49

All games in this series

Show
View Real Time Build Order
Export as new Build Order

Epic Terran - Winner!

Build Orders: Reaper Expand 

Get SALT Encoding   

  12  0:00  SCV  
  13  0:12  SCV  
  14  0:17  Supply Depot  
  14  0:24  SCV  
  15  0:38  SCV  
  15  0:40  Barracks  
  16  0:43  Refinery  
  16  0:50  SCV  
  17  1:02  SCV  
  18  1:14  SCV  
  19  1:27  Orbital Command, Reaper  
  20  1:42  Command Center  
  20  1:50  Supply Depot  
  20  1:53  SCV  
  21  1:58  Marine  
  22  2:05  SCV  
  23  2:09  Factory  
  23  2:16  Refinery  
  23  2:17  SCV  
  23  2:20  Barracks Reactor  
  24  2:29  SCV  
  25  2:41  SCV  
  26  2:53  Starport, Hellion  
  26  2:55  SCV, Orbital Command  
  26  2:58  Marine x2  
  31  3:08  SCV  
  32  3:16  Widow Mine, Marine x2  
  36  3:20  SCV x2  
  36  3:23  Supply Depot  
  38  3:30  Medivac  
  38  3:32  SCV x2  
  42  3:35  Barracks  
  42  3:36  Marine x2  
  42  3:38  Factory Tech Lab  
  44  3:44  SCV  
  44  3:45  SCV  
  46  3:51  Supply Depot  
  46  3:56  Siege Tank  
  46  3:58  SCV x2  
  51  4:04  Starport Tech Lab  
  51  4:06  Marine x2  
  51  4:08  Refinery  
  53  4:10  SCV  
  53  4:12  SCV  
  53  4:13  Barracks  
  53  4:15  Supply Depot  
  55  4:22  Raven  
  57  4:25  SCV x2  
  57  4:27  Refinery  
  57  4:29  Barracks Tech Lab, Engineering Bay  
  59  4:43  Siege Tank  
  62  4:47  Marine x2  
  62  4:48  Marauder  
  62  4:50  SCV x2  
  65  4:55  Stimpack  
  65  4:59  Supply Depot  
  65  5:05  SCV x2, Marine x2  
  69  5:12  Combat Shield  
  69  5:13  Starport Reactor  
  69  5:14  Supply Depot  
  69  5:19  Supply Depot  
  69  5:21  Marauder x2  
  73  5:22  Supply Depot  
  73  5:23  Marine x2  
  73  5:26  Factory Reactor  
  75  5:30  Supply Depot  
  75  5:34  Terran Infantry Weapons Level 1  
  75  5:40  Marine  
  75  5:41  Marine  
  75  5:42  Marauder x2  
  81  5:49  Medivac x2  
  85  5:59  Marine x2  
  85  6:03  Widow Mine x2  
  91  6:05  Command Center, Marauder  
  91  6:07  Marauder  
  91  6:11  Supply Depot  
  95  6:17  Marine  
  96  6:22  Medivac x2  
  100  6:31  Concussive Shells  
  93  6:36  Marauder x2  
  95  6:46  Marine x2  
  94  6:47  Widow Mine x2  
  94  6:53  SCV x2, Supply Depot  
  101  6:54  Medivac  
  101  6:55  Medivac  
  101  6:56  Barracks  
  101  6:57  Barracks, Marauder  
  107  7:04  Supply Depot  
  107  7:07  Marauder  
  109  7:10  SCV x2  
  109  7:15  Marine x2  
  113  7:16  Widow Mine  
  113  7:19  Orbital Command  
  115  7:28  Terran Infantry Armor Level 1  
  115  7:31  Viking x2  
  115  7:32  SCV  
  120  7:38  SCV  
  120  7:40  Ghost Academy  
  121  7:46  Barracks Reactor  
  121  7:49  SCV x2  
  121  7:50  SCV  
  124  8:03  Marauder x3, Marine x2  
  124  8:04  Widow Mine x2  
  131  8:06  SCV  
  131  8:07  SCV x2  
  134  8:14  Viking  
  134  8:16  Viking  
  125  8:27  SCV x3  
  125  8:29  Refinery  
  125  8:30  Refinery  
  125  8:32  Armory, Engineering Bay  
  125  8:33  Widow Mine x2  
  131  8:40  SCV x3, Ghost  
  134  8:42  Ghost  
  134  8:47  Ghost  
  134  8:48  Marine x3  
  136  8:49  Marine  
  136  8:54  Viking x2  
  144  8:58  Supply Depot  
  144  9:02  Supply Depot  
  144  9:06  Starport  
  144  9:12  Marauder  
  144  9:13  Marauder  
  144  9:15  Missile Turret  
  148  9:17  Missile Turret  
  148  9:19  Marine  
  148  9:20  Marauder, Marine x3  
  148  9:21  Terran Infantry Weapons Level 2  
  148  9:24  Supply Depot, Viking  
  154  9:25  Viking  
  158  9:37  Ghost x2  
  162  9:38  Marine x3  
  162  9:42  Supply Depot  
  162  9:44  Supply Depot  
  162  9:45  Marine  
  142  10:03  Marauder, Viking  
  142  10:04  Viking x3  
  143  10:07  Marauder x2  
  143  10:11  Terran Infantry Armor Level 2  
  143  10:12  Marine x2  
  143  10:13  Marine x2  
  135  10:28  Ghost x2  
  135  10:29  Command Center  
  135  10:30  Marauder  
  135  10:32  Terran Ship Weapons Level 1  
  135  10:33  Marine  
  135  10:34  Marine x3  
  145  10:43  Medivac  
  149  10:50  Medivac  
  149  10:51  Marauder  
  149  10:56  Medivac  
  153  10:58  Marauder x2  
  153  10:59  Barracks  
  153  11:00  Barracks x2  
  153  11:01  Medivac  
  159  11:05  Marine x3  
  159  11:13  Ghost, Marine  
  159  11:15  Medivac  
  164  11:18  Marine x2  
  164  11:19  Supply Depot  
  164  11:20  SCV x3  
  169  11:29  Marine x3  
  169  11:31  Marine  
  171  11:34  SCV x3  
  171  11:37  Marauder x2  
  178  11:41  Planetary Fortress  
  178  11:50  Barracks Tech Lab x2, Fusion Core  
  178  11:51  Barracks Tech Lab  
  168  12:06  Marine  
  168  12:07  Marauder x3, Marine x3  
  170  12:11  SCV x3  
  170  12:14  Medivac, Viking  
  177  12:15  Medivac  
  177  12:19  Marauder x2  
  183  12:23  Missile Turret  
  183  12:30  Marauder x4  
  183  12:32  Marine x2  
  183  12:36  Marine x2  
  195  12:41  Refinery  
  195  12:42  Refinery  
  192  13:02  Marauder x3, Marine x2  
  161  13:15  Marauder x3  
  161  13:18  Command Center  
  163  13:20  SCV x2  
  163  13:24  Marauder, Marine x2  
  163  13:25  Marauder, Marine  
Show
View Real Time Build Order
Export as new Build Order

Nina Protoss 

Build Orders: 1 Gate Expand, Colossus Rush 

Get SALT Encoding   

  12  0:00  Probe  
  13  0:12  Probe  
  14  0:17  Pylon  
  14  0:24  Probe (Chrono Boost)  
  15  0:36  Probe (Chrono Boost), Gateway  
  16  0:45  Probe (Chrono Boost)  
  16  0:46  Assimilator  
  17  0:51  Probe  
  18  1:03  Probe  
  19  1:15  Probe  
  20  1:25  Cybernetics Core  
  20  1:34  Nexus  
  20  1:39  Probe  
  21  1:44  Pylon  
  21  1:51  Assimilator  
  21  1:52  Probe  
  22  1:59  Stalker (Chrono Boost)  
  22  2:04  Probe (Chrono Boost)  
  22  2:06  Warp Gate  
  26  2:16  Probe (Chrono Boost)  
  26  2:22  Stalker  
  28  2:24  Probe (Chrono Boost)  
  29  2:30  Probe  
  30  2:42  Robotics Facility  
  31  2:46  Probe x2 (Chrono Boost)  
  32  2:55  Probe (Chrono Boost)  
  32  2:56  Stalker  
  32  2:58  Probe (Chrono Boost)  
  36  3:00  Probe (Chrono Boost)  
  37  3:07  Probe  
  37  3:08  Pylon  
  39  3:12  Probe  
  39  3:13  Assimilator  
  39  3:19  Probe  
  40  3:22  Gateway  
  40  3:25  Probe  
  40  3:26  Observer (Chrono Boost)  
  41  3:31  Probe  
  41  3:32  Robotics Bay  
  43  3:39  Probe  
  43  3:41  Observer (Chrono Boost)  
  44  3:43  Probe  
  46  3:51  Probe  
  46  3:55  Probe  
  48  4:01  Nexus  
  48  4:02  Pylon  
  48  4:03  Probe  
  48  4:05  Pylon  
  48  4:07  Probe  
  50  4:10  Assimilator  
  50  4:15  Probe, Gateway  
  51  4:20  Colossus (Chrono Boost)  
  51  4:21  Shield Battery  
  57  4:26  Sentry  
  59  4:31  Stalker  
  58  4:50  Probe  
  58  4:52  Extended Thermal Lance, Probe  
  59  4:54  Stalker  
  59  4:58  Observer  
  61  5:02  Probe (Chrono Boost)  
  61  5:03  Twilight Council  
  61  5:04  Probe (Chrono Boost)  
  61  5:06  Forge  
  63  5:07  Sentry  
  66  5:14  Probe (Chrono Boost)  
  66  5:17  Probe (Chrono Boost)  
  66  5:19  Probe (Chrono Boost)  
  68  5:21  Colossus (Chrono Boost)  
  68  5:24  Probe (Chrono Boost)  
  68  5:25  Probe (Chrono Boost)  
  76  5:30  Pylon, Probe  
  76  5:33  Zealot  
  79  5:36  Probe x2  
  79  5:37  Charge (Chrono Boost)  
  82  5:42  Probe  
  82  5:43  Protoss Ground Weapons Level 1  
  82  5:47  Zealot  
  82  5:48  Probe  
  85  5:54  Zealot x2  
  85  5:56  Probe x2  
  90  6:03  Photon Cannon, Probe  
  91  6:06  Observer (Chrono Boost)  
  91  6:10  Pylon  
  92  6:11  Pylon  
  92  6:13  Probe  
  92  6:16  Pylon  
  93  6:19  Gateway  
  93  6:21  Gateway  
  93  6:25  Probe  
  93  6:29  Gateway  
  93  6:36  Zealot x3  
  93  6:37  Probe  
  99  6:40  Probe  
  98  6:50  Colossus  
  98  6:52  Probe  
  98  6:54  Pylon  
  105  6:55  Pylon, Probe  
  105  6:59  Zealot  
  108  7:02  Forge  
  108  7:03  Pylon  
  108  7:08  Gateway  
  108  7:09  Blink (Chrono Boost), Gateway  
  108  7:12  Assimilator  
  108  7:15  Zealot x2  
  112  7:20  Stalker  
  114  7:26  Zealot x2  
  116  7:42  Probe  
  116  7:46  Zealot x4  
  116  7:47  Zealot x2  
  128  7:54  Protoss Ground Armor Level 1 (Chrono Boost)  
  128  8:00  Protoss Ground Weapons Level 2 (Chrono Boost)  
  128  8:04  Probe  
  129  8:09  Stalker x2  
  129  8:10  Probe  
  129  8:12  Pylon  
  111  8:30  Pylon  
  111  8:31  Stalker x5  
  111  8:33  Probe  
  122  8:35  Zealot  
  122  8:37  Disruptor  
  122  8:44  Nexus  
  122  8:45  Probe (Chrono Boost)  
  123  8:49  Zealot  
  123  8:50  Probe (Chrono Boost)  
  123  8:52  Assimilator  
  123  8:54  Observer  
  128  8:57  Probe x2 (Chrono Boost)  
  128  9:01  Observer, Probe (Chrono Boost)  
  129  9:03  Zealot x5, Observer  
  129  9:05  Probe (Chrono Boost)  
  140  9:13  Pylon  
  140  9:16  Observer  
  140  9:18  Pylon  
  140  9:19  Pylon  
  140  9:23  Templar Archives  
  141  9:24  Pylon  
  141  9:33  Pylon  
  141  9:34  Robotics Facility  
  141  9:35  Probe  
  142  9:38  Shield Battery  
  142  9:39  Photon Cannon  
  142  9:42  Zealot  
  141  9:50  Zealot x4  
  137  10:00  Zealot x3  
  137  10:06  Probe  
  137  10:07  Probe  
  125  10:13  Colossus (Chrono Boost)  
  121  10:19  Protoss Ground Weapons Level 3 (Chrono Boost)  
  121  10:24  Colossus (Chrono Boost)  
  121  10:26  Probe (Chrono Boost)  
  121  10:28  Protoss Ground Armor Level 2 (Chrono Boost)  
  129  10:30  Probe (Chrono Boost)  
  129  10:31  Probe (Chrono Boost)  
  129  10:32  Probe (Chrono Boost)  
  130  10:36  Probe (Chrono Boost)  
  130  10:38  High Templar x2  
  130  10:39  High Templar x2  
  139  10:44  Probe (Chrono Boost)  
  138  10:51  Archon  
  138  10:52  Photon Cannon  
  138  10:53  Archon  
  138  10:55  Probe (Chrono Boost)  
  141  11:00  Probe (Chrono Boost)  
  141  11:02  Probe (Chrono Boost)  
  141  11:03  Zealot x4  
  149  11:11  Colossus (Chrono Boost)  
  157  11:18  Disruptor (Chrono Boost)  
  155  11:34  Stalker x3  
  155  11:36  Nexus  
  155  11:37  Assimilator  
  161  11:41  Assimilator  
  160  11:47  High Templar x2  
  160  11:48  High Templar x2  
  160  11:52  Warp Prism (Chrono Boost)  
  160  11:53  Archon  
  160  11:54  Archon  
  170  11:59  Disruptor (Chrono Boost)  
  170  12:00  Zealot x4  
  152  12:10  Pylon  
  152  12:20  Probe  
  152  12:22  Zealot x8, Colossus (Chrono Boost)  
  174  12:35  Disruptor (Chrono Boost)  
  178  12:47  Zealot x5  
  178  12:49  Zealot x3  
  132  13:07  Disruptor  
  132  13:09  Zealot x2, Disruptor  
  132  13:10  Zealot x6  
  108  13:30  Stalker x4  
  108  13:31  Stalker x2  
  108  13:33  Probe x2  
Tags
 
Add a new tag
Caveats
  • Supply blocks, unpowered buildings, or Contaminate may cause inaccurate times.
  • Supply counts are checked every 10 seconds.